AoeStats
← Mycorrhizal

MegaRandom

509149867Analyzed
4v4 RM · 7d ago on Sep 25, 2026· 33m 27s· 8 players
Game mode
Random Map
Map size
Large (8 player)
Population
200
Speed
Normal
Resources
Standard
Victory
Conquest
Starting age
Dark Age
Ending age
Imperial Age
RankedLock teamsTeams togetherTeam positionsShared explorationLock speedFull tech treeHidden civsTurbo modeCheats
Victory
Defeat
🇺🇸 Portuguese · United States
1461
+11
🇨🇳 Franks · China
1446
+12
🇨🇦 Italians · Canada
1415
+13
🇲🇽 Aztecs · Mexico
1390
+14
🇫🇮 Sicilians · Finland
1381
-14
🇫🇮 Magyars · Finland
1350
-12
🇫🇮 Saxons · Finland
1345
-12
🇫🇮 Danes · Finland
1338
-12
Mycorrhizal
10:50 Feudal Age
9:06 Loom
15:36 Castle Age
14:07 Horse Collar
16:42 Double-Bit Axe
20:27 Bow Saw
23:12 Scale Barding Armor
23:51 Bloodlines
25:40 Stone Mining
25:45 Gold Mining
26:24 Heavy Plow
26:37 Husbandry
27:27 Forging
28:20 Chain Barding Armor
32:55 Iron Casting
33:19 Wheelbarrow
35:56 Imperial Age
Yoalliperro
10:42 Loom
13:00 Feudal Age
13:42 Double-Bit Axe
14:36 Fletching
25:13 Castle Age
23:13 Horse Collar
23:42 Gold Mining
25:18 Crossbowman
25:54 Bodkin Arrow
26:39 Wheelbarrow
29:25 Hand Cart
29:28 Padded Archer Armor
32:23 Leather Archer Armor
BungaloBones
8:19 Loom
10:37 Feudal Age
11:16 Horse Collar
11:45 Double-Bit Axe
16:17 Forging
17:19 Wheelbarrow
18:25 Bloodlines
22:23 Castle Age
21:10 Scale Barding Armor
23:06 Husbandry
23:30 Chain Barding Armor
24:38 Iron Casting
24:27 Bow Saw
297539664
12:17 Feudal Age
15:44 Castle Age
14:27 Double-Bit Axe
19:28 Loom
26:39 Bow Saw
29:41 Scale Mail Armor
29:52 Forging
30:04 Stone Mining
34:38 Imperial Age
32:27 Gold Mining
32:20 Ordonnance Companies
33:33 Chain Mail Armor
33:32 Forging
34:38 Wheelbarrow
Potatismannen
5:58 Loom
11:47 Feudal Age
16:14 Castle Age
17:10 Double-Bit Axe
22:27 Pikeman
23:27 Squires
24:31 Wheelbarrow
24:59 Scale Mail Armor
26:54 Fletching
32:53 Horse Collar
Ancalagon
5:12 Loom
11:48 Feudal Age
13:45 Town Watch
18:26 Castle Age
16:56 Scale Barding Armor
16:45 Double-Bit Axe
16:48 Horse Collar
18:36 Scale Barding Armor
18:27 Gold Mining
22:26 Bloodlines
23:17 Forging
24:50 Wheelbarrow
25:33 Chain Barding Armor
27:42 Iron Casting
27:28 Bow Saw
31:30 Husbandry
Leakan
7:14 Loom
9:56 Feudal Age
10:15 Man-at-Arms
11:58 Man-at-Arms
12:58 Double-Bit Axe
19:32 Fletching
20:28 Horse Collar
21:26 Padded Archer Armor
27:32 Castle Age
26:40 Wheelbarrow
26:45 Scale Mail Armor
27:01 Gold Mining
28:35 Bow Saw
27:57 Pikeman
28:46 Squires
29:10 Elite Skirmisher
30:11 Heavy Plow
30:46 Chain Mail Armor
33:38 Forging
Supernatural Puttato
10:56 Feudal Age
9:13 Loom
11:26 Double-Bit Axe
14:13 Scale Barding Armor
19:17 Horse Collar
22:35 Castle Age
21:49 Bloodlines
23:19 Husbandry
25:27 Chain Barding Armor
29:13 Wheelbarrow
Connection lost

Rejoining the realm…

Still unreachable

The connection could not be restored.

Session expired

The server has moved on; the page needs a fresh start.